 Dungeon Crawl Stone Soup version 0.18-a0-119-g02a7081 (webtiles) character file.

3095 Proton the Fighter (level 9, 0/103 (108) HPs)
             Began as a Minotaur Fighter on Nov 19, 2015.
             Was an Initiate of Qazlal.
             Succumbed to a killer bee's poison
             ... on level 8 of the Dungeon.
             The game lasted 00:09:23 (6187 turns).

Proton the Fighter (Minotaur Fighter)               Turns: 6187, Time: 00:09:23

HP:   0/103 (108)   AC: 10    Str: 30 (31) XL:     9   Next: 59%
MP:   9/9           EV: 17    Int:  5      God:    Qazlal [......]
Gold: 375           SH: 12    Dex: 14 (15) Spells: 0 memorised, 8 levels left

rFire  + . .     SeeInvis .     a - +0 long sword
rCold  . . .     Clarity  .     k - +1 scale mail {rF+}
rNeg   . . .     SustAt   .     c - +0 shield
rPois  .         Gourm    .     (helmet restricted)
rElec  .         Spirit   .     r - +0 cloak
rCorr  .         Warding  .     (no gloves)
rMut   .         Stasis   .     (no boots)
MR     .....                    (no amulet)
Stlth  ..........               (no ring)
                                (no ring)

@: agile, berserking (expiring), lethally poisoned (0 -> -3), very quick, not
resistant to hostile enchantments, extremely unstealthy
A: retaliatory headbutt, horns 2, deterioration 1, frail 1, strong 1
a: Renounce Religion


You were on level 8 of the Dungeon.
You worshipped Qazlal.
Qazlal was noncommittal.
You were not hungry.

You visited 2 branches of the dungeon, and saw 9 of its levels.
You also visited: Ossuary.

You collected 400 gold pieces.
You spent 25 gold pieces at shops.

Inventory:

Hand Weapons
 a - a +0 long sword (weapon)
Armour
 c - a +0 shield (worn)
 k - a +1 scale mail of fire resistance (worn)
 r - a +0 cloak (worn)
Jewellery
 E - a cursed ring of loudness {unknown}
 K - a +2 ring of protection {unknown}
Wands
 B - a wand of digging (15)
 C - a wand of paralysis (5)
 F - a wand of enslavement (15)
 G - a wand of polymorph (10)
Scrolls
 f - a scroll of recharging {unknown}
 g - 3 scrolls of magic mapping {unknown}
 h - 14 scrolls of identify {unknown}
 i - 3 scrolls of immolation {unknown}
 j - a scroll of enchant weapon {unknown}
 l - 6 scrolls of remove curse {unknown}
 n - a scroll of random uselessness {unknown}
 o - 3 scrolls of blinking {unknown}
 s - a scroll of noise {unknown}
 v - a scroll of enchant armour {unknown}
 x - 2 scrolls of fog {unknown}
 y - 3 scrolls of teleportation {unknown}
 z - 2 scrolls of fear {unknown}
 D - a scroll of amnesia {unknown}
Potions
 b - 3 potions of haste {unknown}
 d - a potion of might
 m - 2 potions of agility
 p - 2 potions of poison {unknown}
 q - a potion of berserk rage
 t - 2 potions of ambrosia {unknown}
 u - 2 potions of lignification {unknown}
 w - 2 potions of cancellation {unknown}
 A - a potion of curing {unknown}
 I - a potion of heal wounds {unknown}
Books
 H - a book of Necromancy

   Spells                             Type                      Level
   a - Pain                           Necromancy                   1
   b - Animate Skeleton               Necromancy                   1
   c - Vampiric Draining              Necromancy                   3
   d - Regeneration                   Charms/Necromancy            3
   e - Animate Dead                   Necromancy                   4
   f - Control Undead                 Necromancy                   4
Comestibles
 e - 4 bread rations


   Skills:
 + Level 8.2 Fighting
 + Level 7.3 Long Blades
 + Level 7.7 Armour
 + Level 6.6 Dodging
 + Level 7.9 Shields
 + Level 2.1 Invocations


You had 8 spell levels left.
You didn't know any spells.

Dungeon Overview and Level Annotations

Branches:
Dungeon (8/15)             Temple (1/1) D:5
   Lair: D:8-11

Altars:
Ashenzari
Cheibriados
Dithmenos
Elyvilon
Fedhas
Gozag
Kikubaaqudgha
Nemelex Xobeh
Okawaru
Qazlal
Ru
Sif Muna
Trog
Yredelemnul
Zin
The Shining One
Lugonu

Shops:
D:4 !


Innate Abilities, Weirdness & Mutations

You reflexively headbutt those who attack you in melee.
You have a pair of horns on your head.
Your body sometimes deteriorates upon taking damage.
You are frail (-10% HP).
Your muscles are strong. (Str +2)


Message History

You feel yourself moving faster!
You feel mighty!
* * * LOW HITPOINT WARNING * * *
You feel sick. You block the killer bee's attack.
You block the killer bee's attack.
You closely miss the killer bee. You headbutt the killer bee!
The killer bee is moderately wounded.
* * * LOW HITPOINT WARNING * * *
You feel sick.
The killer bee stings you but does no damage.
The killer bee closely misses you.
You slash the killer bee!
You kill the killer bee!
Qazlal accepts your kill.
* * * LOW HITPOINT WARNING * * *
You feel sick.
You are too berserk!
You are too berserk!
You are too berserk!
You feel a strong urge to attack something.
You die...

##+####
#.....#
#.....#
+.....#
#..@..#
#†<...#
#######


There were no monsters in sight!

Vanquished Creatures
  The ghost of bargaw the Ducker, a novice TrDK of Yredelemnul (D:7)
  Pikel (D:4)
  Prince Ribbit (D:5)
  2 slaves (D:5)
  A wasp (D:7)
  Duvessa (D:5)
  2 necrophages (D:7)
  3 ogres
  Blork the orc (D:5)
  A giant frog (D:6)
  Dowan (D:5)
  2 water moccasin zombies (D:7)
  A killer bee (D:8)
  A scorpion (D:5)
  A centaur zombie (D:7)
  2 centaur skeletons
  3 orc wizards
  Crazy Yiuf (D:2)
  2 orc priests
  2 iguanas (D:5)
  5 worker ants
  A hound skeleton (D:4)
  13 mummies (Ossuary)
  4 gnolls (D:4)
  A shadow imp (D:5)
  5 adders
  An ooze (D:4)
  A worm (D:4)
  3 giant geckos
  17 orcs
  4 ball pythons
  6 bats
  9 hobgoblins
  12 jackals
  2 kobolds (D:2)
  3 quokkas
  3 giant cockroaches
  13 giant newts
  3 gnoll skeletons (Ossuary)
  7 goblins
  4 kobold skeletons (Ossuary)
  An orc skeleton (Ossuary)
  9 rats
  11 rat skeletons (Ossuary)
  A spectral orc (D:2)
169 creatures vanquished.

Vanquished Creatures (others)
  A slave (D:5)
  A scorpion (D:5)
  A quokka (D:5)
3 creatures vanquished.

Grand Total: 172 creatures vanquished

Notes
Turn   | Place    | Note
--------------------------------------------------------------
     0 | D:1      | Proton the Minotaur Fighter began the quest for the Orb.
     0 | D:1      | Reached XP level 1. HP: 19/19 MP: 0/0
   152 | D:1      | Reached XP level 2. HP: 27/27 MP: 1/1
   629 | D:2      | Reached skill level 4 in Shields
   734 | D:2      | Reached XP level 3. HP: 18/33 MP: 2/2
   789 | D:2      | Found a deep blue altar of Sif Muna.
   859 | D:2      | Noticed Crazy Yiuf
   865 | D:2      | Killed Crazy Yiuf
   865 | D:2      | Reached skill level 1 in Dodging
   984 | D:2      | Reached XP level 4. HP: 36/40 MP: 3/3
  1031 | D:2      | Found a basalt altar of Yredelemnul.
  1458 | D:3      | Found an iron altar of Okawaru.
  1597 | D:3      | Reached XP level 5. HP: 47/47 MP: 4/4
  1980 | D:4      | Reached skill level 5 in Shields
  2029 | D:4      | Reached XP level 6. HP: 19/55 MP: 5/5
  2034 | D:4      | Found Buer Sufry's Distillery.
  2039 | D:4      | Bought a potion of mutation for 25 gold pieces
  2040 | D:4      | Gained mutation: You are frail (-10% HP). [potion of mutation]
  2040 | D:4      | Gained mutation: Your body sometimes deteriorates upon taking damage. [potion of mutation]
  2040 | D:4      | Gained mutation: Your muscles are strong. (Str +2) [potion of mutation]
  2051 | D:4      | Reached skill level 5 in Fighting
  2263 | D:4      | Found a blossoming altar of Fedhas.
  2265 | D:4      | Found a snail-covered altar of Cheibriados.
  2265 | D:4      | Found a sacrificial altar of Ru.
  2266 | D:4      | Found a sparkling altar of Nemelex Xobeh.
  2266 | D:4      | Found a shadowy altar of Dithmenos.
  2266 | D:4      | Found a glowing silver altar of Zin.
  2408 | D:4      | Reached skill level 5 in Armour
  2447 | D:4      | Found a sand-covered staircase.
  2456 | Ossuary  | Entered an ossuary
  2631 | Ossuary  | Reached XP level 7. HP: 43/54 MP: 6/6
  3173 | D:5      | Entered Level 5 of the Dungeon
  3192 | D:5      | Noticed Prince Ribbit
  3192 | D:5      | Noticed Pikel
  3244 | D:4      | Killed Pikel
  3244 | D:4      | Reached skill level 6 in Fighting
  3244 | D:4      | Reached skill level 5 in Long Blades
  3244 | D:4      | Reached XP level 8. HP: 5/63 MP: 7/7
  3581 | D:5      | Noticed Duvessa
  3581 | D:5      | Noticed Dowan
  3593 | D:5      | Killed Duvessa
  3602 | D:5      | Killed Dowan
  3857 | D:5      | Noticed Blork the orc
  3866 | D:5      | Killed Blork the orc
  3866 | D:5      | Reached skill level 7 in Fighting
  3866 | D:5      | Reached skill level 5 in Dodging
  4147 | D:5      | Killed Prince Ribbit
  4218 | D:5      | Found a staircase to the Ecumenical Temple.
  4224 | Temple   | Entered the Ecumenical Temple
  4240 | Temple   | Became a worshipper of Qazlal Stormbringer
  4296 | D:5      | Found a shattered altar of Ashenzari.
  4919 | D:6      | Reached XP level 9. HP: 37/71 MP: 8/8
  5896 | D:7      | Noticed bargaw's ghost (novice TrDK)
  5932 | D:7      | Killed bargaw's ghost
  5932 | D:7      | Reached skill level 8 in Fighting
  6181 | D:8      | HP: 3/69 [poisoned by a killer bee]
  6185 | D:8      | HP: 1/103 [poisoned by a killer bee]
  6187 | D:8      | Succumbed to a killer bee's poison

Vault maps used:
D:1:      saegor_arrival_simple_e
D:2:      yredelemnul_forgotten_temple_becter, lemuel_blue_sif_altar,
          minmay_newt_pond, uniq_crazy_yiuf_cottage
D:3:      okawaru_trees_1
D:4:      grunt_temple_overflow_open, serial_shops, nicolae_shop_waterfront,
          lightli_ossuary_entry_decrepit_ruins, due_unseen_surprise
D:5:      minmay_temple_entry_enclosed_plants, first_bread,
          cheibrodos_ashenzari_chains, uniq_blork_the_orc, uniq_prince_ribbit1,
          uniq_pikel, uniq_duvessa
D:7:      grunt_temple_overflow_lords_of_destruction, serial_undead,
          serial_undead_d, serial_undead_b, serial_undead_d, serial_undead_d,
          serial_undead_e, serial_undead_f, grunt_livestock
D:8:      eino_small_chamber_without_monster, uniq_gastronok
Temple:   corrupted_temple
Ossuary:  ossuary_due_small_catacomb

Action                   |  1- 3 |  4- 6 |  7- 9 || total
-------------------------+-------+-------+-------++-------
Melee: Long sword        |    77 |   199 |   283 ||   559
  Use: Potion            |       |     1 |     2 ||     3
  Eat: Fruit             |       |     3 |       ||     3
       Beef jerky        |       |     1 |       ||     1
       Pizza             |       |       |     2 ||     2
       Meat ration       |       |       |     2 ||     2
       Bread ration      |       |       |     1 ||     1
